 Dungeon Crawl Stone Soup version 0.28-a0-804-g60983d4ba9 (webtiles) character file.

Game seed: 1322082997368125910

5 cheechan the Skirmisher (level 1, -2/18 HPs)
             Began as a Demonspawn Chaos Knight on Nov 7, 2021.
             Was a Plaything of Xom.
             Slain by a kobold (5 damage)
             ... on level 1 of the Dungeon.
             The game lasted 00:01:01 (287 turns).

cheechan the Skirmisher (Demonspawn Chaos Knight)    Turns: 287, Time: 00:01:02

Health: -2/18      AC:  5    Str: 12    XL:     1   Next: 66%
Magic:  1/1        EV: 11    Int: 13    God:    Xom [..*...]
Gold:   21         SH:  0    Dex: 12    Spells: 0/0 levels left

rFire   . . .      SeeInvis .   a - +0 hand axe (chaos)
rCold   . . .      Faith    .   (no shield)
rNeg    . . .      Spirit   .   b - +2 leather armour
rPois   .          Reflect  .   (no helmet)
rElec   .          Harm     .   (no cloak)
rCorr   .          Rampage  .   (no gloves)
Will    .....                   (no boots)
Stlth   +.........              (no amulet)
HPRegen 0.06/turn               (no ring)
MPRegen 0.07/turn               (no ring)

@: no status effects
A: no striking features
a: Renounce Religion


You were on level 1 of the Dungeon.
You worshipped Xom.
You were a toy of Xom.
You visited 1 branch of the dungeon, and saw 1 of its levels.

You collected 21 gold pieces.

Inventory:

Hand Weapons
 a - a +0 hand axe of chaos (weapon)
Missiles
 e - 41 bolts
Armour
 b - a +2 leather armour (worn)
Potions
 c - a potion of cancellation {unknown}
 d - a potion of berserk rage {unknown}


   Skills:
 + Level 3.1 Fighting
 + Level 2.9 Axes
 + Level 1.9 Armour
 + Level 0.8 Dodging


You couldn't memorise any spells.
You didn't know any spells.
Your spell library contained the following spells:

 Spells                   Type           Power      Damage    Failure   Level
 Summon Small Mammal      Summ           0%         N/A       36%         1
 Call Canine Familiar     Summ           0%         N/A       75%         3
 Summon Guardian Golem    Hex/Summ       0%         N/A       75%         3


Dungeon Overview and Level Annotations

Branches:
Dungeon (1/15)

Altars:


Message History

a +0 club; a goblin corpse You swap places.
You swap places.
Found 10 gold pieces.
You swap places.
You swap places.
c - a red potion Your butterfly disappears in a puff of smoke!
You swap places.
Your butterfly disappears in a puff of smoke!
Your butterfly disappears in a puff of smoke!
You now have 11 gold pieces.
Your butterfly disappears in a puff of smoke!
You now have 21 gold pieces (gained 10).
The ball python hisses angrily.
The ball python bites you but does no damage.
The ball python grabs you. The ball python constricts you.
You hit the ball python.
You kill the ball python!
You see here a ball python corpse.
There is a stone staircase leading down here.
Found a stone staircase leading down.
A kobold comes into view. It is wielding a +0 short sword.
The kobold moves out of view.
A dart slug comes into view.
The dart slug launches a dart at you. The slug dart hits you.
The kobold misses you. The kobold hits you but does no damage.
The dart slug launches a dart at you. The slug dart hits you.
You barely miss the kobold. The dart slug launches a dart at you.
The slug dart hits you but does no damage.
The kobold barely misses you.
You hit the kobold but do no damage.
The kobold hits you with a +0 short sword.
* * * LOW HITPOINT WARNING * * *
You closely miss the kobold. The kobold closely misses you.
You barely miss the kobold.
The kobold hits you with a +0 short sword.
You die...

#.# #.# #.# ##### #.#
#...# #.# #...# #.#
####...#### #.#
###.........#######.#
.......@K...........#
###.........#########
####.w.#### #...#
#...# #####


You could see a dart slug and a kobold.

Vanquished Creatures
  An endoplasm (D:1)
  A kobold (D:1)
  A ball python (D:1)
  2 goblins (D:1)
5 creatures vanquished.

Notes
Turn   | Place    | Note
-------+----------+-------------------------------------------
     0 | D:1      | cheechan the Demonspawn Chaos Knight began the quest for
                  | the Orb.
     0 | D:1      | Reached XP level 1. HP: 18/18 MP: 1/1
   131 | D:1      | XOM: butterfly on damage
   287 | D:1      | Slain by a kobold

Illustrated notes

Levels and vault maps discovered:
D:1:      enne_arrival_octagon_isle, layout_loops_ring

Action                   || total
-------------------------++-------
Melee: Hand axe          ||    17
  Use: Scroll            ||     1
Armor: Leather armour    ||    12
Dodge: Dodged            ||     6

Table legend: (Time is in decaauts)
 A = Elapsed time spent in this place.
 B = Non-inter-level travel time spent in this place.
 C = Inter-level travel time spent in this place.
 D = Time resting spent in this place.
 E = Time spent auto-exploring this place.
 F = Levels seen in this place.
 G = Mean time per level.
                   A        B        C        D        E       F      G
               +--------+--------+--------+--------+--------+-----+--------+
         Total |    290 |    290 |      0 |      0 |      0 |   1 |  290.0 |
       Dungeon |    290 |    290 |      0 |      0 |      0 |   1 |  290.0 |
               +--------+--------+--------+--------+--------+-----+--------+

Top non-repeatable levels by time:
     D:1: 290 daAuts
